 Dungeon Crawl Stone Soup version 0.30-a0-263-ge22c4ad894 (webtiles) character file.

Game seed: 7769851910387676571

971 Iusername the Covered (level 7, -2/64 HPs)
             Began as a Minotaur Fighter on Oct 13, 2022.
             Shot with an arrow by a centaur (11 damage)
             ... on level 6 of the Dungeon.
             The game lasted 00:06:07 (5467 turns).

Iusername the Covered (Minotaur Fighter)            Turns: 5467, Time: 00:06:07

Health: -2/64      AC:  7    Str: 22    XL:     7   Next: 94%
Magic:  6/6        EV:  9    Int:  5    God:
Gold:   365        SH:  0    Dex: 10    Spells: 6/6 levels left

rFire   . . .      SeeInvis .    a - +0 war axe
rCold   . . .      Faith    .    (no shield)
rNeg    . . .      Spirit   .    b - +0 scale mail
rPois   .          Reflect  .    (helmet restricted)
rElec   .          Harm     .    (no cloak)
rCorr   .          Rampage  .    (no gloves)
Will    .....                    (no boots)
Stlth   ..........               (no amulet)
HPRegen 0.30/turn                (no ring)
MPRegen 0.10/turn                (no ring)

@: no status effects
A: horns 2, retaliatory headbutt
a: no special abilities


You were on level 6 of the Dungeon.
You visited 1 branch of the dungeon, and saw 6 of its levels.

You collected 365 gold pieces.

Inventory:

Hand Weapons
 a - a +0 war axe (weapon)
Missiles
 g - 7 boomerangs (quivered)
Armour
 b - a +0 scale mail (worn)
Scrolls
 c - 2 scrolls of immolation {unknown}
 f - 2 scrolls of noise
 h - a scroll of teleportation {unknown}
 i - 3 scrolls of blinking {unknown}
 j - a scroll of amnesia {unknown}
 l - 4 scrolls of fear
 m - 2 scrolls of enchant armour
 n - 2 scrolls of vulnerability {unknown}
 o - 2 scrolls of identify
Potions
 d - a potion of might
 e - a potion of attraction {unknown}
 k - a potion of curing


   Skills:
 + Level 6.5 Fighting
 + Level 6.0 Axes
 + Level 6.5 Armour
 + Level 6.5 Shields


You had 6 spell levels left.
You didn't know any spells.
Your spell library contained the following spells:

 Spells                   Type           Power      Damage    Failure   Level
 Sting                    Tmut/Pois      0%         1d3       77%         1
 Cigotuvi's Dreadful Rot  Necr/Pois/Air  0%         N/A       88%         2
 Poisonous Vapours        Pois/Air       0%         N/A       88%         2
 Sublimation of Blood     Necr           0%         N/A       88%         2
 Wereblood                Tmut           0%         N/A       88%         2
 Mephitic Cloud           Conj/Pois/Air  0%         N/A       98%         3
 Summon Guardian Golem    Hex/Summ       0%         N/A       98%         3
 Vhi's Electric Charge    Tloc/Air       0%         N/A       98%         3
 Olgreb's Toxic Radiance  Pois           0%         N/A       100%        4
 Arcjolt                  Conj/Air       0%         1d10      100%        5
 Orb of Destruction       Conj           0%         9d5       100%        7
 Spellforged Servitor     Conj/Summ      0%         N/A       100%        7
 Summon Hydra             Summ           0%         N/A       100%        7
 Maxwell's Capacitive Co  Air            0%         ∞         100%        8


Dungeon Overview and Level Annotations

Branches:
Dungeon (6/15)
 Temple: D:4-7

Altars:
Cheibriados
Elyvilon
Makhleb
Nemelex Xobeh
Xom
Zin

Shops:
D:5 !


Innate Abilities, Weirdness & Mutations

You have a pair of horns on your head.
You reflexively headbutt those who attack you in melee.


Message History

You closely miss the orc. The orc closely misses you.
You closely miss the orc. You headbutt the orc.
The orc is lightly wounded.
The orc completely misses you.
You closely miss the orc.
The orc is lightly wounded.
The orc hits you but does no damage. The orc closely misses you.
You slash the orc!
You kill the orc!
The centaur shoots an arrow.
The arrow hits you.
* * * LOW HITPOINT WARNING * * *
You closely miss the orc priest.
The orc priest hits you with a +0 dagger.
* * * LOW HITPOINT WARNING * * *
You closely miss the orc priest. Your headbutt misses the orc priest.
The orc priest hits you but does no damage.
You barely miss the orc priest. Your headbutt misses the orc priest.
The orc priest looks satisfied for a moment.
You closely miss the orc priest.
The orc priest hits you but does no damage.
The orc priest hits you with a +0 dagger.
* * * LOW HITPOINT WARNING * * *
You hit the orc priest. You headbutt the orc priest.
The orc priest is heavily wounded.
The orc priest barely misses you.
You hit the orc priest.
The orc priest is almost dead.
The orc priest hits you with a +0 dagger.
* * * LOW HITPOINT WARNING * * *
You closely miss the orc priest. You headbutt the orc priest.
You kill the orc priest!
The centaur shoots an arrow.
The arrow misses you.
Your Axes skill increases to level 6!
You hit the orc. Your headbutt misses the orc.
The orc is heavily wounded.
The orc closely misses you.
You hit the orc.
You kill the orc!
The centaur shoots an arrow.
The arrow hits you!
You die...

########### #.........#
#......<..# ##
#.........## .#
#..........####. .#
#@###...... .######
####)#....# .#....#
###...c..#.# #####
.#)...# #...##...o.#
#.....
..)...#####.#######..##
#...... #)).....##..#
#...####.....c.
##....#..#.##
##.....#.......
#.....#...#
##.##.#..o....
...............#
#.)..#.......


You could see a centaur.

Vanquished Creatures
  A water moccasin (D:5)
  A black bear (D:5)
  2 phantoms
  A bullfrog (D:6)
  2 scorpions (D:6)
  A howler monkey (D:5)
  A jelly (D:5)
  2 orc priests
  Crazy Yiuf (D:5)
  2 iguanas
  2 orc wizards
  Ijyb (D:3)
  Robin (D:3)
  5 adders
  3 worms
  3 dart slugs
  14 orcs
  8 ball pythons
  4 endoplasms
  3 giant cockroaches
  16 goblins
  10 hobgoblins
  4 quokkas
  3 bats
  7 frilled lizards
  7 kobolds
  5 rats
110 creatures vanquished.

Vanquished Creatures (others)
  5 fungi (D:5)
  2 plants (D:5)
7 creatures vanquished.

Grand Total: 117 creatures vanquished

Notes
Turn   | Place    | Note
-------+----------+-------------------------------------------
     0 | D:1      | Iusername the Minotaur Fighter began the quest for the Orb.
     0 | D:1      | Reached XP level 1. HP: 19/19 MP: 0/0
   111 | D:1      | Reached XP level 2. HP: 24/27 MP: 1/1
   856 | D:1      | Reached XP level 3. HP: 33/33 MP: 2/2
  1314 | D:3      | Noticed Robin
  1330 | D:3      | Reached XP level 4. HP: 40/40 MP: 3/3
  1344 | D:3      | Killed Robin
  1495 | D:3      | Noticed Ijyb
  1522 | D:3      | Killed Ijyb
  1876 | D:3      | Found a sparkling altar of Nemelex Xobeh.
  2090 | D:3      | Found a snail-covered altar of Cheibriados.
  2094 | D:3      | Reached XP level 5. HP: 47/47 MP: 4/4
  2192 | D:3      | Found a faded altar of an unknown god.
  2734 | D:4      | Noticed a phantom
  2751 | D:4      | Killed a phantom
  2752 | D:4      | Reached skill level 5 in Fighting
  2752 | D:4      | Reached skill level 5 in Armour
  2752 | D:4      | Reached skill level 5 in Shields
  3390 | D:4      | Found a white marble altar of Elyvilon.
  3462 | D:5      | Entered Level 5 of the Dungeon
  3463 | D:5      | Found a burning altar of Makhleb.
  3471 | D:5      | Found a glowing silver altar of Zin.
  3472 | D:5      | Noticed an Executioner
  3472 | D:5      | Noticed an angel
  3559 | D:5      | Noticed a water moccasin
  3564 | D:5      | Noticed a black bear
  3565 | D:5      | Reached XP level 6. HP: 49/56 MP: 5/5
  3567 | D:5      | Killed a water moccasin
  4274 | D:5      | Reached skill level 5 in Axes
  4386 | D:5      | Found Ozyobla's Distillery.
  4433 | D:5      | Reached XP level 7. HP: 62/62 MP: 6/6
  4523 | D:5      | Found a shimmering altar of Xom.
  5283 | D:5      | Found a runed translucent door.
  5284 | D:5      | Noticed Crazy Yiuf
  5292 | D:5      | Killed Crazy Yiuf
  5467 | D:6      | Shot with an arrow by a centaur

Illustrated notes

Levels and vault maps discovered:
D:1:      dpeg_arrival_stonehenge_8_columns, layout_basic, solitary_fountain
D:2:      layout_rooms
D:3:      layout_rooms, kennysheep_slug_shrine, amcnicky_altar_gilded,
          nicolae_ecumenical_lake_church, amcnicky_mini_pool_small,
          kennysheep_boxes, uniq_ijyb, uniq_robin
D:4:      layout_cave_pools, elyvilon_altar_1
D:5:      minmay_skewed_foursquare, layout_basic,
          grunt_temple_overflow_order_and_chaos_2,
          mainiacjoe_overflow_concentric_impassable, serial_shops,
          kennysheep_mini_moat, serial_bayou, serial_bayou_lagoon_a,
          serial_bayou_crossing, serial_bayou_lake_a, serial_bayou_ford_a,
          interstate_on_off, uniq_crazy_yiuf_cottage
D:6:      layout_rooms, uniq_grinder, uniq_sigmund, uniq_menkaure

Skill      XL: |  1  2  3  4  5  6  7 |
---------------+----------------------+-----
Shields        | 4 5 6 |  6.5
Fighting       | 4 5 6 |  6.5
Armour         | 4 5 6 |  6.5
Axes           | 3 4 5 6 |  6.0

Action                   |  1- 3 |  4- 6 |  7- 9 || total
-------------------------+-------+-------+-------++-------
Melee: War axe           |    93 |   125 |    81 ||   299
       Headbutt          |     9 |    20 |    15 ||    44
       Punch             |       |     1 |     1 ||     2
  Use: Scroll            |     3 |     4 |       ||     7
       Potion            |       |     2 |     1 ||     3
Armor: Scale mail        |    53 |    57 |    33 ||   143
Dodge: Dodged            |    52 |    61 |    33 ||   146
Block: Buckler           |    29 |    15 |       ||    44

Table legend: (Time is in decaauts)
 A = Elapsed time spent in this place.
 B = Non-inter-level travel time spent in this place.
 C = Inter-level travel time spent in this place.
 D = Time resting spent in this place.
 E = Time spent auto-exploring this place.
 F = Levels seen in this place.
 G = Mean time per level.
                   A        B        C        D        E       F      G
               +--------+--------+--------+--------+--------+-----+--------+
         Total |   5661 |   5514 |    147 |   1401 |   3327 |   6 |  943.5 |
       Dungeon |   5661 |   5514 |    147 |   1401 |   3327 |   6 |  943.5 |
               +--------+--------+--------+--------+--------+-----+--------+

Top non-repeatable levels by time:
     D:5: 1957 daAuts
     D:3: 1178 daAuts
     D:4: 1030 daAuts
     D:1: 928 daAuts
     D:2: 416 daAuts
     D:6: 149 daAuts
